 Dungeon Crawl Stone Soup version 0.31-a0-236-g9a0961fb85 (webtiles) character file.

Game seed: 17360576147026710781

98 qw the Shooter (level 4, -5/36 HPs)
             Began as a Minotaur Hexslinger on July 10, 2023.
             Slain by Natasha (9 damage)
             ... on level 2 of the Dungeon.
             The game lasted 00:00:33 (1742 turns).

qw the Shooter (Minotaur Hexslinger)                Turns: 1742, Time: 00:00:34

Health: -5/36      AC:  2    Str: 13    XL:     4   Next: 44%
Magic:  4/4        EV: 12    Int: 10    God:
Gold:   72         SH:  0    Dex: 14    Spells: 4/5 levels left

rFire   . . .        Y - +1 sling (freeze)
rCold   . . .        (no shield)
rNeg    . . .        c - +0 robe
rPois   .            (helmet restricted)
rElec   .            (no cloak)
rCorr   .            (no gloves)
SInv    .            (no boots)
Will    .....        (no amulet)
Stlth   +            (no ring)
HPRegen 0.26/turn    (no ring)
MPRegen 0.09/turn

%: no passive effects
@: no status effects
A: horns 2, retaliatory headbutt
a: no special abilities


You were on level 2 of the Dungeon.
You visited 1 branch of the dungeon, and saw 2 of its levels.

You collected 72 gold pieces.


Innate Abilities, Weirdness & Mutations

You have a pair of horns on your head.
You reflexively headbutt those who attack you in melee.


   Skills:
 + Level 2.0 Fighting
 - Level 5.0 Ranged Weapons
 - Level 2.1 Dodging
 - Level 1.0 Spellcasting
 - Level 2.0 Hexes


You had 4 spell levels left.
You knew the following spells:

 Your Spells              Type           Power      Damage    Failure   Level
a - Slow                  Hex            16%        N/A       16%         1

Your spell library contained the following spells:

 Spells                   Type           Power      Damage    Failure   Level
 Inner Flame              Hex/Fire       2%         N/A       56%         3
 Portal Projectile        Hex/Tloc       4%         N/A       56%         3
 Cause Fear               Hex            2%         N/A       83%         4

Inventory:

Hand Weapons
 Y - a +1 sling of freezing (weapon)
Armour
 c - a +0 robe (worn)
Scrolls
 a - 3 scrolls of noise {unknown}
 b - a scroll of revelation {unknown}
 f - a scroll of identify {unknown}
Potions
 d - a potion of ambrosia {unknown}
 e - a potion of degeneration {unknown}
 i - a potion of attraction {unknown}

Dungeon Overview and Level Annotations

Branches:
Dungeon (2/15)

Altars:

Annotations:
D:2 Natasha


Message History

Natasha claws you. The cerulean imp completely misses you.
You shoot a sling bullet.
The sling bullet closely misses Natasha.
Natasha barely misses you.
The cerulean imp hits you but does no damage.
Natasha claws you.
You shoot a sling bullet. The sling bullet hits Natasha.
The sling bullet freezes Natasha.
Natasha is lightly wounded.
The cerulean imp hits you from afar with a +0 spear.
Natasha claws you.
You shoot a sling bullet. The sling bullet hits Natasha.
The sling bullet freezes Natasha.
Natasha is heavily wounded.
The cerulean imp hits you from afar with a +0 spear.
Natasha mumbles some strange words.
You shoot a sling bullet. The sling bullet hits Natasha.
The sling bullet freezes Natasha.
Natasha is severely wounded.
The cerulean imp hits you from afar with a +0 spear.
Natasha closely misses you.
The cerulean imp hits you from afar with a +0 spear.
You shoot a sling bullet.
The sling bullet closely misses Natasha.
The sling bullet hits the cerulean imp.
The sling bullet freezes the cerulean imp.
The cerulean imp is moderately wounded.
Natasha claws you. The cerulean imp barely misses you. x2
You shoot a sling bullet.
The sling bullet hits Natasha but does no damage.
Natasha is severely wounded.
The cerulean imp disappears in a puff of smoke!
Natasha mumbles some strange words.
The cerulean imp hits you but does no damage.
You shoot a sling bullet.
The sling bullet closely misses Natasha.
The sling bullet hits the cerulean imp but does no damage.
The cerulean imp is moderately wounded.
Natasha claws you!
You die...

...%....#.########...#.#
###%#####.#..........#.# #...#
#.#.#######..#.#####
#.#.#####.#.#....##.h......#
..#.....#.#.#.##.##.##.###.#
.##.....#.#.#....5.<##.# #.#
.##.....#.#.####5##¤##.# #.#
........#.#.....h¤..##.###.##
.##.....#.#..###@#..##......#
.##.#...#.#..# #.#..######..#
.##.#...#.#..# #.#......(#..#
....#...#.#..###.#.......#..#
....#.....#......#.......#..#
...##.#.####.#####.#.....#..#
...##...........##.#####.#..####
...##.######.##.##.#...........#
...##.######.##.##.#.#####..##.#


You could see Natasha and 2 cerulean imps.

Vanquished Creatures
  Natasha (twice) (D:2)
  An adder (D:2)
  A dart slug (D:1)
  9 ball pythons
  4 endoplasms
  3 giant cockroaches
  4 goblins
  A hobgoblin (D:2)
  2 kobolds (D:2)
  3 quokkas (D:2)
  2 bats (D:1)
  A frilled lizard (D:1)
  2 rats
35 creatures vanquished.

Notes
Turn   | Place    | Note
-------+----------+-------------------------------------------
     0 | D:1      | qw the Minotaur Hexslinger began the quest for the Orb.
     0 | D:1      | Reached XP level 1. HP: 16/16 MP: 1/1
     0 | D:1      | 0 ||| qw: Version: 0.3-a-51-g015441d
     0 | D:1      | 0 ||| qw: Game counter: 4473
     0 | D:1      | 0 ||| qw: Melee chars always use a shield: true
     0 | D:1      | 0 ||| qw: God list: Okawaru
     0 | D:1      | 0 ||| qw: Allow faded altars: false
     0 | D:1      | 0 ||| qw: Do Orc after clearing Dungeon:15 true
     0 | D:1      | 0 ||| qw: Do second Lair branch before Depths: true
     0 | D:1      | 0 ||| qw: Lair rune preference: random
     0 | D:1      | 0 ||| qw: Goals: Normal
     0 | D:1      | 0 ||| PLANNING D:1-11
    70 | D:1      | 70 ||| FLEEEEING.
    71 | D:1      | 71 ||| FLEEEEING.
    72 | D:1      | 72 ||| FLEEEEING.
    73 | D:1      | 73 ||| FLEEEEING.
    74 | D:1      | 74 ||| FLEEEEING.
   217 | D:1      | Reached skill level 3 in Ranged Weapons
   220 | D:1      | Reached XP level 2. HP: 23/23 MP: 2/2
   781 | D:1      | 781 ||| READING scroll labelled PIEF YDIQIOQUE.
   782 | D:1      | 782 ||| READING scroll labelled COUGREGAMM.
   783 | D:1      | 783 ||| READING scroll labelled OHURIO ZOQO.
   784 | D:1      | 784 ||| READING 2 scrolls labelled VUISTES KOOMIT.
   785 | D:1      | 785 ||| READING scroll labelled HATUTUSULES.
   829 | D:1      | 829 ||| READING scroll labelled BIQUGA SAEPOM.
   832 | D:1      | 832 ||| DROPPING scroll of poison.
   833 | D:1      | 833 ||| DROPPING scroll of vulnerability.
  1062 | D:2      | Found the +7 staff of the Meek {protect, meekguard}
  1091 | D:2      | Reached XP level 3. HP: 29/29 MP: 3/3
  1103 | D:2      | Noticed Natasha
  1105 | D:2      | 1105 ||| FLEEEEING.
  1106 | D:2      | 1106 ||| FLEEEEING.
  1107 | D:2      | 1107 ||| FLEEEEING.
  1108 | D:2      | 1108 ||| FLEEEEING.
  1109 | D:2      | 1109 ||| FLEEEEING.
  1110 | D:2      | 1110 ||| FLEEEEING.
  1116 | D:2      | Killed Natasha
  1117 | D:2      | Reached skill level 4 in Ranged Weapons
  1462 | D:2      | Reached XP level 4. HP: 30/36 MP: 4/4
  1673 | D:2      | Noticed Natasha
  1680 | D:2      | Killed Natasha
  1681 | D:2      | Reached skill level 5 in Ranged Weapons
  1726 | D:2      | Noticed Natasha
  1729 | D:2      | 1729 ||| Stepping ~*~*~tactically~*~*~ (outnumbered).
  1739 | D:2      | HP: 8/36 [cerulean imp/+0 spear[Natasha] (2)]
  1740 | D:2      | HP: 3/36 [Natasha (5)]
  1742 | D:2      | Slain by Natasha

Levels and vault maps discovered:
D:1:      minmay_arrival_diagonal_passages, layout_basic
D:2:      minmay_chambers_of_ones, layout_basic, uniq_natasha

Skill      XL: |  1  2  3  4 |
---------------+-------------+-----
Ranged Weapons | 3 4 5 |  5.0
Fighting       | 2 |  2.0
Dodging        | |  2.1
Spellcasting   | |  1.0
Hexes          | |  2.0

Action                     |  1- 3 |  4- 6 || total
---------------------------+-------+-------++-------
   Fire: Sling             |    72 |    31 ||   103
    Use: Scroll            |     6 |       ||     6
 Armour: Robe              |       |     5 ||     5
  Dodge: Dodged            |    17 |    12 ||    29

Table legend:
 A = Non-vault XP
 B = Vault XP
 C = Vault XP percentage of total XP
 D = Non-vault monster count
 E = Vault monster count
 F = Vault count percentage of total count
                 A         B        C        D         E       F
            +---------+---------+-------+---------+---------+-------
      Total |      87 |      54 |  38.3 |      29 |       6 |  17.1
            +---------+---------+-------+---------+---------+-------
        D:1 |      27 |       0 |   0.0 |      15 |       0 |   0.0
        D:2 |      60 |      54 |  47.4 |      14 |       6 |  30.0
            +---------+---------+-------+---------+---------+-------
